 Dungeon Crawl Stone Soup version 0.27-a0-705-ga0013940fb (webtiles) character file.

Game seed: 17749863831738103110

136 pistachioham the Skirmisher (level 4, -2/41 HPs)
             Began as a Minotaur Fighter on Mar 22, 2021.
             Was an Initiate of Makhleb.
             Slain by an ogre
             ... wielding a +0 giant club
              (16 damage)
             ... on level 4 of the Dungeon.
             The game lasted 00:06:44 (2487 turns).

pistachioham the Skirmisher (Minotaur Fighter)      Turns: 2487, Time: 00:06:44

Health: -2/41      AC: 11    Str: 21    XL:     4   Next: 98%
Magic:  3/3        EV:  7    Int:  6    God:    Makhleb [......]
Gold:   106        SH:  9    Dex:  9    Spells: 3/3 levels left

rFire    + . .     SeeInvis .   a - +0 war axe
rCold    . . .     Faith    .   c - +0 kite shield
rNeg     . . .     Spirit   .   b - +0 scale mail
rPois    .         Reflect  .   o - +1 hat
rElec    .         Harm     .   (no cloak)
rCorr    .         Rampage  .   l - +2 pair of gloves
Will     .....                  (no boots)
Stlth    ..........             k - amulet of regeneration
HPRegen  1.13/turn              p - ring of protection from fire
MPRegen  0.08/turn              (no ring)

@: mighty
A: horns 2, retaliatory headbutt
a: Renounce Religion


You were on level 4 of the Dungeon.
You worshipped Makhleb.
Makhleb was noncommittal.
You visited 1 branch of the dungeon, and saw 4 of its levels.

You collected 106 gold pieces.

Inventory:

Hand Weapons
 a - a +0 war axe (weapon)
Armour
 b - a +0 scale mail (worn)
 c - a +0 kite shield (worn)
 l - a +2 pair of gloves (worn)
 o - a +1 hat (worn)
Magical Staves
 q - a staff of cold
Jewellery
 h - a ring of fire
 k - an amulet of regeneration (around neck)
 p - a ring of protection from fire (right hand)
Wands
 s - a wand of acid (11)
Scrolls
 e - a scroll of magic mapping {unknown}
 f - a scroll of holy word {unknown}
 j - a scroll of identify {unknown}
 m - a scroll of blinking {unknown}
 n - 2 scrolls of teleportation {unknown}
 r - a scroll of random uselessness {unknown}
 t - a scroll of enchant weapon {unknown}
Potions
 g - 2 potions of curing {unknown}
 i - 2 potions of brilliance {unknown}


   Skills:
 + Level 4.7 Fighting
 * Level 4.4 Axes
 - Level 4.3 Armour
 - Level 0.5 Dodging
 - Level 4.1 Shields
 + Level 0.3 Invocations


You had 3 spell levels left.
You didn't know any spells.
Your spell library contained the following spells:

 Spells                   Type           Power      Damage    Failure   Level
 Animate Skeleton         Necr           0%         N/A       99%         1
 Apportation              Tloc           0%         N/A       99%         1
 Corona                   Hex            0%         N/A       99%         1
 Summon Small Mammal      Summ           0%         N/A       99%         1


Dungeon Overview and Level Annotations

Branches:
Dungeon (4/15)
 Temple: D:4-7

Altars:
Kikubaaqudgha
Makhleb
Nemelex Xobeh
Ru
Uskayaw
Wu Jian
Xom
Zin

Shops:
D:2 (


Innate Abilities, Weirdness & Mutations

You have a pair of horns on your head.
You reflexively headbutt those who attack you in melee.


Message History

The ooze moves out of view.
An ooze is nearby!
An ooze is nearby!
You hit the ooze but do no damage. The ooze freezes you.
You are frozen.
The ooze freezes you.
You are frozen.
You slash the ooze!
You kill the ooze!
Makhleb accepts your kill.
No target in view!
No target in view!
HP restored.
Found a hand axe.
Found 22 stones.
No target in view!
No target in view!
No target in view!
No target in view!
Found a spear.
Found a stone staircase leading up.
t - a scroll labelled ELUAVVIVERGH An ogre comes into view.
It is wielding a +0 giant club.
An ogre is nearby!
The ogre shouts!
You completely miss the ogre. The ogre hits you with a +0 giant club!
You block the ogre's attack.
You hit the ogre.
The ogre is lightly wounded.
The ogre barely misses you.
You slash the ogre!
The ogre is severely wounded.
The ogre hits you with a +0 giant club! x2
* * * LOW HITPOINT WARNING * * *
You are too injured to fight recklessly!
Unknown command.
You feel very mighty all of a sudden. The ogre hits you with a +0 giant club!
You die...

....# ......
.... .......
...###.......
...#.........
..#....?....
#.#.........
#...........
#.O........
#.@........
##.........
#........#
#..##.####
#.< ##..# #
#... #..##
##.... ##..#
#......
#..###......
###..#..)....


You could see an ogre.

Vanquished Creatures
  A hound (D:3)
  3 adders (D:3)
  2 worms
  A dart slug (D:1)
  4 giant cockroaches
  5 goblins
  5 hobgoblins
  10 kobolds
  11 oozes
  4 quokkas
  7 ball pythons
  4 bats
  4 frilled lizards
  5 rats
66 creatures vanquished.

Notes
Turn   | Place    | Note
-------+----------+-------------------------------------------
     0 | D:1      | pistachioham the Minotaur Fighter began the quest for the
                  | Orb.
     0 | D:1      | Reached XP level 1. HP: 19/19 MP: 0/0
   140 | D:1      | Reached XP level 2. HP: 27/27 MP: 1/1
   578 | D:1      | Reached XP level 3. HP: 33/33 MP: 2/2
  1116 | D:2      | Found Ebeps's Antique Weapon Shop.
  1218 | D:2      | Found a faded altar of an unknown god.
  1349 | D:2      | Found a glowing silver altar of Zin.
  1351 | D:2      | Found an ancient bone altar of Kikubaaqudgha.
  1361 | D:2      | Found a burning altar of Makhleb.
  1363 | D:2      | Found a hide-covered altar of Uskayaw.
  1364 | D:2      | Found an ornate altar of the Wu Jian Council.
  1383 | D:2      | Became a worshipper of Makhleb the Destroyer
  1509 | D:3      | Reached XP level 4. HP: 41/41 MP: 3/3
  1509 | D:3      | Found a shimmering altar of Xom.
  1578 | D:3      | Found a sparkling altar of Nemelex Xobeh.
  1692 | D:3      | Found a sacrificial altar of Ru.
  2479 | D:4      | Noticed an ogre
  2487 | D:4      | Slain by an ogre

Illustrated notes

Levels and vault maps discovered:
D:1:      dpeg_arrival_solitude, layout_basic, chequers_serial_rivers_micro_b,
          minmay_misc_feat_secret_circle, st_stairs_6, minmay_misc_feat_cross
D:2:      layout_rooms, grunt_temple_overflow_open,
          chequers_ecumenical_altar_twisty, serial_shops, shop
D:3:      layout_basic, nemelex_xobeh_ov_fountains_minmay,
          nicolae_ru_awakened_eye, nicolae_overflow_crystal_walls
D:4:      layout_cave_pods, marbit_many_paths, minmay_goblin_outpost

Skill      XL: |  1  2  3 |
---------------+----------+-----
Fighting       | 4 |  4.7
Armour         | 4 |  4.3
Shields        | 4 |  4.1
Axes           | 4 |  4.4
Dodging        | |  0.5
Invocations    | |  0.3

Action                   |  1- 3 |  4- 6 || total
-------------------------+-------+-------++-------
Melee: War axe           |   111 |    25 ||   136
       Headbutt          |    11 |     4 ||    15
  Use: Potion            |       |     1 ||     1
Armor: Scale mail        |    64 |     4 ||    68
Dodge: Dodged            |    24 |     5 ||    29
Block: Kite shield       |    54 |    12 ||    66

Table legend: (Time is in decaauts)
 A = Elapsed time spent in this place.
 B = Non-inter-level travel time spent in this place.
 C = Inter-level travel time spent in this place.
 D = Time resting spent in this place.
 E = Time spent auto-exploring this place.
 F = Levels seen in this place.
 G = Mean time per level.
                   A        B        C        D        E       F      G
               +--------+--------+--------+--------+--------+-----+--------+
         Total |   2562 |   2524 |     38 |     15 |   2024 |   4 |  640.5 |
       Dungeon |   2562 |   2524 |     38 |     15 |   2024 |   4 |  640.5 |
               +--------+--------+--------+--------+--------+-----+--------+

Top non-repeatable levels by time:
     D:1: 1056 daAuts
     D:3: 977 daAuts
     D:2: 472 daAuts
     D:4: 56 daAuts
